 Dungeon Crawl Stone Soup version 0.32-a0-42-ga30500b4d3 (webtiles) character file.

Game seed: 5345863305469352089

87 Ceno the Sneak (level 4, -3/24 HPs)
             Began as a Vampire Enchanter on Feb 2, 2024.
             Killed by divine providence
             ... invoked by an orc priest
              (14 damage)
             ... on level 3 of the Dungeon.
             The game lasted 00:09:55 (2706 turns).

Ceno the Sneak (Vampire Enchanter)                  Turns: 2706, Time: 00:09:55

Health: -3/24      AC:  3    Str:  7    XL:     4   Next: 28%
Magic:  4/8        EV: 12    Int: 19    God:
Gold:   110        SH:  0    Dex: 14    Spells: 0/8 levels left

rFire   . . .        a - +1 dagger
rCold   + + .        (no shield)
rNeg    + + +        b - +0 robe
rPois   ∞            m - +0 helmet
rElec   .            (no cloak)
rCorr   .            (no gloves)
SInv    +            (no boots)
Will    .....        (no amulet)
Stlth   +++++        (no ring)
HPRegen 0.00/turn    (no ring)
MPRegen 0.11/turn

%: no passive effects
@: bloodless, inhibited regen
A: bloodless, fangs 3, see invisible, vampiric 2
a: Bat Form, Revivify


You were on level 3 of the Dungeon.
You visited 1 branch of the dungeon, and saw 3 of its levels.

You collected 110 gold pieces.

Inventory:

Hand Weapons
 a - a +1 dagger (weapon)
Missiles
 e - 2 poisoned darts
 f - 2 throwing nets
 g - 26 stones (quivered)
Armour
 b - a +0 robe (worn)
 m - a +0 helmet (worn)
Scrolls
 d - a scroll of vulnerability {unknown}
 n - 2 scrolls of fear {unknown}
 o - a scroll of immolation {unknown}
Potions
 c - 2 potions of invisibility
 h - 2 potions of degeneration
 j - a potion of curing
 k - 2 potions of cancellation
 l - a potion of resistance


   Skills:
 + Level 2.4 Short Blades
 - Level 2.1 Dodging
 + Level 5.5 Stealth
 + Level 2.7 Spellcasting
 + Level 5.3 Hexes


You couldn't memorise any spells.
You knew the following spells:

 Your Spells              Type           Power      Damage    Failure   Level
a - Ensorcelled Hibernat  Hex/Ice        24%        N/A       9%          2
b - Confusing Touch       Hex            22%        N/A       5%          3
c - Tukima's Dance        Hex            22%        N/A       5%          3

Your spell library contained the following spells:

 Spells                   Type           Power      Damage    Failure   Level
 Dazzling Flash           Conj/Hex       24%        N/A       16%         3
 Cigotuvi's Dreadful Rot  Necr/Alch/Air  4%         N/A       24%         2
 Ozocubu's Armour         Ice            2%         N/A       43%         3
 Dispel Undead            Necr           2%         3d7       83%         4
 Martyr's Knell           Necr/Summ      2%         N/A       83%         4
 Metabolic Englaciation   Hex/Ice        6%         N/A       83%         5
 Death Channel            Necr           1%         N/A       100%        6
 Sculpt Simulacrum        Ice/Alch       1%         N/A       100%        6


Dungeon Overview and Level Annotations

Branches:
Dungeon (3/15)

Altars:

Shops:
D:1 =


Innate Abilities, Weirdness & Mutations

You do not regenerate when monsters are visible.
You are frail without blood (-20% HP).
You can heal yourself when you bite living creatures.
You are immune to poison.
You have razor-sharp teeth.
You have supernaturally acute eyesight. (SInv)
You are afflicted with vampirism and can become a bat while bloodless.


Message History

Confirm with . or Enter, or press ? or * to list all spells.
Aiming: Ensorcelled Hibernation (safe; 9% risk of failure)
Press: ? - help, Shift-Dir - straight line, f/p - ogre
Aim: an ogre, wielding a +0 giant club (chance to affect: 46%)
The ball python looks drowsy...
The helpless ball python fails to defend itself.
You bite the ball python, and draw its blood!
You impale the ball python!!
You kill the ball python!
The orc attacks as it pursues you! The orc closely misses you.
Your magical contamination has completely faded away.
You completely miss the orc. The orc hits you with a +0 dagger.
The orc priest looks encouraged for a moment.
You hit the orc.
The orc is lightly wounded.
The orc barely misses you.
The orc priest invokes the aid of Beogh against you.
Beogh smites you!
You are too injured to fight recklessly!
You barely miss the orc.
The orc is lightly wounded.
The orc closely misses you.
You hit the orc. You bite the orc.
You draw the orc's blood!
You feel better.
The orc is severely wounded.
The orc hits you with a +0 dagger.
You barely miss the orc.
The orc is severely wounded.
The orc priest miscasts a cantrip.
You hit the orc.
The orc is almost dead.
The orc closely misses you.
You barely miss the orc.
The orc is almost dead.
The orc closely misses you.
You hit the orc.
You kill the orc!
The orc priest mumbles some strange prayers to Beogh against you.
Beogh smites you!
Ouch! That really hurt!
You die...

##. #...~# #...#...~###
..8..8.O†'.# ...#[..~#.#
#o.J~#o# o8....~~#J#
......~~~#O# .....~~~~#$# ##
~~~~~~~~~#@###########
.###############...........#
...........................#
....#######....##..........#
....# #####....######.######
...............# #..#
....####.......# #.##
.....##...#...<##....#
.........#........####


You could see an ogre, an orc priest and an endoplasm.

Vanquished Creatures
  Robin (D:2)
  An adder (D:3)
  A ribbon worm (D:2)
  An orc (D:3)
  4 ball pythons
  5 bats
  2 endoplasms
  5 giant cockroaches
  4 hobgoblins
  6 jackals (D:1)
  10 kobolds
  A quokka (D:3)
  12 goblins
  4 rats (D:1)
57 creatures vanquished.

Notes
Turn   | Place    | Note
-------+----------+-------------------------------------------
     0 | D:1      | Ceno the Vampire Enchanter began the quest for the Orb.
     0 | D:1      | Reached XP level 1. HP: 13/13 MP: 3/3
   159 | D:1      | Reached XP level 2. HP: 19/19 MP: 5/5
   167 | D:1      | Learned a level 2 spell: Ensorcelled Hibernation
   167 | D:1      | Found Qoequ's Jewellery Emporium.
   970 | D:1      | Reached skill level 5 in Stealth
  1109 | D:1      | Gained mutation: You are afflicted with vampirism and can
                  | become a bat while bloodless. [Vampire growth]
  1109 | D:1      | Reached XP level 3. HP: 24/24 MP: 6/6
  1544 | D:2      | Reached skill level 5 in Hexes
  2003 | D:2      | Noticed Robin
  2163 | D:1      | Learned a level 3 spell: Confusing Touch
  2262 | D:2      | Killed Robin
  2360 | D:2      | Reached XP level 4. HP: 24/24 MP: 0/7
  2661 | D:3      | Noticed an ogre
  2680 | D:3      | Learned a level 3 spell: Tukima's Dance
  2706 | D:3      | Killed from afar by an orc priest

Illustrated notes

Levels and vault maps discovered:
D:1:      doesnt_arrival_eight_statues, layout_basic, serial_shops,
          nicolae_shop_tiny_glass, due_unseen_surprise
D:2:      layout_basic, chequers_jeans, kennysheep_small_spiral, uniq_robin
D:3:      layout_rooms, kennysheep_generic_room_2

Skill      XL: |  1  2  3 |
---------------+----------+-----
Stealth        | 5 |  5.5
Short Blades   | 2 |  2.4
Hexes          | 5 |  5.3
Dodging        | |  2.1
Spellcasting   | |  2.7

Action                     |  1- 3 |  4- 6 || total
---------------------------+-------+-------++-------
  Melee: Dagger            |    91 |    16 ||   107
         Bite              |     8 |     1 ||     9
         Punch             |     2 |       ||     2
  Throw: Stone             |     1 |     2 ||     3
   Cast: Ensorcelled Hiber |    26 |     4 ||    30
Ability: Exsanguinate      |     1 |       ||     1
    Use: Scroll            |       |     4 ||     4
   Stab: Sleeping          |    31 |     8 ||    39
 Armour: Robe              |    49 |     2 ||    51
  Dodge: Dodged            |    73 |     7 ||    80

Table legend: (Time is in decaauts)
 A = Elapsed time spent in this place.
 B = Non-inter-level travel time spent in this place.
 C = Inter-level travel time spent in this place.
 D = Time resting spent in this place.
 E = Time spent auto-exploring this place.
 F = Levels seen in this place.
 G = Mean time per level.
                   A        B        C        D        E       F      G
               +--------+--------+--------+--------+--------+-----+--------+
         Total |   2698 |   2661 |     37 |    596 |    851 |   3 |  899.3 |
       Dungeon |   2698 |   2661 |     37 |    596 |    851 |   3 |  899.3 |
               +--------+--------+--------+--------+--------+-----+--------+

Top non-repeatable levels by time:
     D:1: 1436 daAuts
     D:2: 981 daAuts
     D:3: 281 daAuts
